 Dungeon Crawl Stone Soup version 0.13.0-3-g966e3ec (webtiles) character file.

3235 JacquesDerrida the Cloud Mage (level 9, 0/54 HPs)
             Began as a High Elf Air Elementalist on Oct 13, 2013.
             Was a Follower of Ashenzari.
             Slain by an orc
             ... wielding a +0,+1 orcish hand axe
              (6 damage)
             ... in a bailey.
             The game lasted 00:44:04 (7348 turns).

JacquesDerrida the Cloud Mage (HEAE)                Turns: 7348, Time: 00:44:05

HP   0/54        AC  6     Str 11      XL: 9   Next: 36%
MP  23/23        EV 15     Int 21      God: Ashenzari [*.....]
Gold 580         SH  0     Dex 17      Spells:  6 memorised,  2 levels left

Res.Fire  : . . .   See Invis. : .   j - +2,+4 orc dagger
Res.Cold  : . . .   Warding    : .   a - +0 elf robe (curse)
Life Prot.: . . .   Conserve   : .   (no shield)
Res.Poison: .       Res.Corr.  : +   h - +1 helmet
Res.Elec. : .       Clarity    : .   y - +0 cloak (curse)
Sust.Abil.: + .     Spirit.Shd : .   (no gloves)
Res.Mut.  : .       Stasis     : .   (no boots)
Res.Rott. : .       Flight     : .   l - cursed amulet of resist corrosion
Saprovore : . . .                    E - ring of the Octopus King {SustAb AC+1 EV+1 Str+1 Dex+1 Int+1}
                                     r - cursed ring of protection from magic

@: very slightly contaminated, quick, quite resistant to hostile enchantments,
unstealthy
A: no striking features
a: Renounce Religion


You were in a bailey.
You worshipped Ashenzari.
Ashenzari was aware of your devotion.
You were full.

You visited 2 branches of the dungeon, and saw 8 of its levels.
You also visited: Ossuary and Bailey.

You collected 560 gold pieces.

Inventory:

Hand weapons
 d - a +1,+3 orcish war axe
 j - a +2,+4 orcish dagger (weapon)
 v - a cursed +3,+3 quarterstaff of chaos
 F - a +3,+1 dwarven hand axe
Missiles
 C - 2 exploding darts (quivered)
Armour
 a - a cursed +0 elven robe (worn)
 h - a +1 helmet (worn)
 y - a cursed +0 cloak (worn)
Comestibles
 c - 7 bread rations
 o - 11 sultanas
Scrolls
 e - 2 scrolls of blinking
 f - 6 scrolls of teleportation
 i - 2 scrolls of fog
 m - 5 scrolls of curse jewellery
 p - 6 scrolls of identify
 q - a scroll of fear
 t - a scroll of curse weapon
 u - a scroll of enchant armour
 A - 2 scrolls of enchant weapon I
 B - 2 scrolls of remove curse
 D - a scroll of amnesia
Jewellery
 l - a cursed amulet of resist corrosion (around neck)
 r - a cursed ring of protection from magic (left hand)
 E - a ring of the Octopus King (right hand) {SustAb AC+1 EV+1 Str+1 Dex+1 Int+1}
   (You took it off a goblin in a bailey)

   [ring of sustain abilities]

   It affects your AC (+1).
   It affects your evasion (+1).
   It affects your strength (+1).
   It affects your intelligence (+1).
   It affects your dexterity (+1).
Potions
 g - a potion of might
 k - 2 potions of resistance
 n - a potion of curing
 s - a potion of cure mutation
 w - 2 potions of restore abilities
 x - a potion of beneficial mutation {unknown}
 z - a potion of magic
 G - a potion of agility {unknown}
 H - a potion of experience {unknown}
Books
 b - a book of Air

   Spells                             Type                      Level
   *Shock                             Conjuration/Air              1
   *Swiftness                         Charms/Air                   2
   *Repel Missiles                    Charms/Air                   2
   *Flight                            Charms/Air                   3
   *Static Discharge                  Conjuration/Air              3
   *Lightning Bolt                    Conjuration/Air              5


   Skills:
 - Level 4.4 Fighting
 + Level 3.9 Dodging
 - Level 2.1 Stealth
 - Level 5.0 Spellcasting
 - Level 5.5 Conjurations
 - Level 11.5 Air Magic


You had 2 spell levels left.
You knew the following spells:

 Your Spells              Type           Power        Failure   Level  Hunger
a - Shock                 Conj/Air       ####         1%          1    None
b - Swiftness             Chrm/Air       ####......   1%          2    None
c - Repel Missiles        Chrm/Air       ####......   1%          2    None
d - Static Discharge      Conj/Air       #####...     1%          3    ##.....
e - Flight                Chrm/Air       ####......   2%          3    ##.....
f - Lightning Bolt        Conj/Air       #####.....   12%         5    #####..


Dungeon Overview and Level Annotations

Branches:
Dungeon (7/27)             Temple (1/1) D:4
    Orc: D:6-11

Altars:
Ashenzari
Cheibriados
Elyvilon
Fedhas
Kikubaaqudgha
Makhleb
Nemelex Xobeh
Okawaru
Sif Muna
Trog
Xom
Yredelemnul
Zin
the Shining One


Message History

An orc comes into view. It is wielding an orcish hand axe.
The orc moves out of view.
The orc shouts!
The orc warrior shouts!
Found three items.
The orc misses you.
The orc warrior hits you with an orcish war axe!
The orc closely misses you.
You see here a sedimented cyan potion.
x - a sedimented cyan potion The orc closely misses you.
The orc warrior hits you but does no damage.
The orc hits you with an orcish hand axe.
The orc warrior hits you with an orcish war axe!
* * * LOW HITPOINT WARNING * * *
You see here a sedimented inky potion.
H - a sedimented inky potion The gnoll hits you with a dwarven hand axe.
* * * LOW HITPOINT WARNING * * *
The orc hits you with an orcish hand axe.
You die...

...........#.....)...).# ♣
#.........###..)....).### ♣♣♣♣♣
#'#.....###.###..)..#)#.### ♣♣♣♣♣
..###.###.....###.###.....###♣.♣.
....###.........###....)....##...
....8##..........#....)......#...
....8#%........g.#.....).....'...
....%%.........oo#...).⌠..)..'..∩
....8#.........g@#...%).).)).')..
....8##..........#.....%).)..#...
....###........:###..)..)...##...
..###.###.....###.###)..).###♣.♣.
#'#.....###.###.....#)#.### ♣♣♣♣.
#.........###......%..### ♣♣♣♣♣
...........#...........# ♣♣♣
.....o..)..#......)....#
.....⌠.....#%.)..).....#


You could see an orc warrior, a gnoll, an orc and a hobgoblin.

Vanquished Creatures
  An orc knight (Bailey)
  Grinder (D:4)
  Prince Ribbit (D:5)
  An ice beast (D:6)
  2 ogres
  5 orc warriors (Bailey)
  4 hounds
  A jelly (D:6)
  Crazy Yiuf (D:3)
  A two-headed ogre zombie (D:7)
  A gnoll shaman (D:6)
  3 iguanas
  3 worker ants
  10 mummies (Ossuary)
  4 adders
  21 gnolls
  A worm zombie (D:4)
  A giant mite (D:4)
  4 worms
  An adder zombie (D:5)
  2 giant eyeballs
  16 giant geckos
  6 oozes
  15 orcs
  11 bats
  A bat skeleton (D:3)
  5 giant cockroaches
  3 gnoll zombies (Ossuary)
  40 goblins
  22 hobgoblins
  21 jackals
  A giant gecko skeleton (D:5)
  12 giant newts
  2 jackal zombies (D:4)
  6 kobolds
  4 kobold zombies (Ossuary)
  2 orc zombies
  A quokka (D:4)
  14 rats
  A fungus (D:3)
252 creatures vanquished.

Notes
Turn   | Place    | Note
--------------------------------------------------------------
     0 | D:1      | JacquesDerrida, the High Elf Air Elementalist, began the quest for the Orb.
     0 | D:1      | Reached XP level 1. HP: 11/11 MP: 4/4
   259 | D:1      | Reached XP level 2. HP: 10/17 MP: 3/6
   332 | D:1      | Learned a level 2 spell: Swiftness
   416 | D:1      | Reached skill level 4 in Air Magic
   751 | D:1      | Reached XP level 3. HP: 21/21 MP: 4/8
  1246 | D:2      | Reached XP level 4. HP: 19/27 MP: 2/11
  1921 | D:3      | Learned a level 2 spell: Repel Missiles
  1928 | D:3      | Noticed Crazy Yiuf
  1950 | D:3      | Killed Crazy Yiuf
  1950 | D:3      | Reached XP level 5. HP: 16/31 MP: 6/12
  2246 | D:3      | Reached skill level 5 in Air Magic
  2500 | D:4      | Found a sand-covered staircase.
  2604 | Ossuary  | Entered an ossuary
  2976 | Ossuary  | Reached skill level 6 in Air Magic
  3096 | Ossuary  | Reached XP level 6. HP: 36/36 MP: 6/15
  3295 | Ossuary  | Paralysed by a potion of paralysis for 4 turns
  3494 | D:4      | Found a staircase to the Ecumenical Temple.
  3597 | D:4      | Noticed Grinder
  3616 | D:4      | Killed Grinder
  3616 | D:4      | Reached skill level 7 in Air Magic
  3616 | D:4      | Reached XP level 7. HP: 21/41 MP: 9/18
  3622 | D:4      | Reached skill level 8 in Air Magic
  3946 | D:5      | Entered Level 5 of the Dungeon
  3990 | D:5      | Learned a level 3 spell: Static Discharge
  4047 | D:5      | Noticed Prince Ribbit
  4070 | D:5      | Killed Prince Ribbit
  4070 | D:5      | Reached skill level 9 in Air Magic
  4301 | D:5      | Found a shimmering altar of Xom.
  4303 | D:5      | Noticed an angel
  4329 | D:5      | Found a glowing silver altar of Zin.
  4490 | Temple   | Entered the Ecumenical Temple
  4593 | Temple   | Became a worshipper of Ashenzari the Shackled
  4931 | D:5      | Reached XP level 8. HP: 46/46 MP: 12/21
  5194 | D:6      | Reached skill level 5 in Spellcasting
  5196 | D:6      | Reached skill level 10 in Air Magic
  5742 | D:6      | Reached skill level 5 in Conjurations
  6014 | D:7      | Reached skill level 11 in Air Magic
  6066 | D:7      | Found a flagged portal.
  6094 | D:7      | Learned a level 3 spell: Flight
  6095 | Bailey   | Entered a bailey
  6147 | Bailey   | Learned a level 5 spell: Lightning Bolt
  6421 | Bailey   | Reached skill level 1 in Fighting
  6491 | Bailey   | Reached XP level 9. HP: 46/52 MP: 12/23
  6545 | Bailey   | Noticed an orc knight
  6646 | Bailey   | Killed an orc knight
  7156 | Bailey   | Got an uncursed ring of the Octopus King
  7159 | Bailey   | Identified a ring of the Octopus King {SustAb AC+1 EV+1 Str+1 Dex+1 Int+1} (You took it off a goblin in a bailey)
  7253 | Bailey   | Noticed an orc warlord
  7255 | Bailey   | Noticed an orc knight
  7261 | Bailey   | Noticed an orc knight
  7348 | Bailey   | Slain by an orc

Action                   |  1- 3 |  4- 6 |  7- 9 || total
-------------------------+-------+-------+-------++-------
Melee: Dagger            |    12 |    57 |    52 ||   121
 Cast: Shock             |    87 |   169 |   333 ||   589
       Swiftness         |       |     2 |    14 ||    16
       Static Discharge  |       |       |     8 ||     8
       Repel Missiles    |       |       |     4 ||     4
       Lightning Bolt    |       |       |     2 ||     2
  Use: Scroll            |       |    15 |     6 ||    21
       Potion            |       |    14 |     9 ||    23
 Stab: Sleeping          |       |       |     1 ||     1
